 Dungeon Crawl Stone Soup version 0.23-a0-296-ga3b1b28 (webtiles) character file.

137 HarryHood the Cudgeler (level 5, -2/32 HPs)
             Began as a Gargoyle Fighter on Oct 6, 2018.
             Slain by Sigmund
             ... wielding a +0 scythe
              (6 damage)
             ... on level 3 of the Dungeon.
             The game lasted 00:10:50 (2331 turns).

HarryHood the Cudgeler (Gargoyle Fighter)           Turns: 2331, Time: 00:10:51

Health: -2/32      AC: 10    Str: 20    XL:     5   Next: 20%
Magic:  5/5        EV:  7    Int:  8    God:
Gold:   126        SH:  9    Dex: 10    Spells: 4/4 levels left

rFire    . . .     SeeInvis .   a - +1 flail
rCold    + . .     Gourm    .   c - +0 shield
rNeg     + . .     Faith    .   b - +0 scale mail
rPois    ∞         Spirit   .   (no helmet)
rElec    +         Reflect  .   (no cloak)
rCorr    .         Harm     .   (no gloves)
MR       .....                  (no boots)
Stlth    ..........             (no amulet)
HPRegen  0.10/turn              o - ring of protection from cold
MPRegen  0.09/turn              (no ring)

@: very slightly contaminated, invisible
A: negative energy resistance 1, electricity resistance, unbreathing,
petrification resistance, rot immunity, AC +4
a: no special abilities


You were on level 3 of the Dungeon.
You were not hungry.

You visited 1 branch of the dungeon, and saw 3 of its levels.

You collected 126 gold pieces.

Inventory:

Hand Weapons
 a - a +1 flail (weapon)
Missiles
 f - 152 stones (quivered)
Armour
 b - a +0 scale mail (worn)
 c - a +0 shield (worn)
 l - a cursed +0 helmet
 m - a +0 plate armour
Jewellery
 o - a ring of protection from cold (left hand)
Scrolls
 h - a scroll of identify {unknown}
 i - a scroll of teleportation {@r0}
 k - 3 scrolls of fog
Potions
 d - 2 potions of might
 j - 2 potions of brilliance {unknown}
 n - 2 potions of invisibility
 p - a potion of agility {unknown}
 q - a potion of berserk rage {unknown}
Comestibles
 e - 6 rations {@e1}
 g - 5 chunks of flesh


   Skills:
 - Level 3.2 Fighting
 + Level 5.2 Maces & Flails
 - Level 3.2 Armour
 - Level 3.2 Shields


You had 4 spell levels left.
You didn't know any spells.
Your spell library was empty.

Dungeon Overview and Level Annotations

Branches:
Dungeon (3/15)

Altars:
Dithmenos
Elyvilon
Kikubaaqudgha
Ru
Sif Muna
Wu Jian
Xom
Yredelemnul

Annotations:
D:3 Sigmund


Innate Abilities, Weirdness & Mutations

You are resistant to torment.
Your stone body is resilient. (AC +4)
You are immune to poison.
You resist negative energy. (rN+)
You are resistant to electric shocks. (rElec)
You can survive without breathing.
You are immune to petrification.
You are immune to rotting.


Message History

* * * LOW HITPOINT WARNING * * *
Something hits you.
* * * LOW HITPOINT WARNING * * *
You take 3 damage, and have 5/32 hp.
Your shield prevents you from hitting the hobgoblin.
You block the hobgoblin's attack. x2; Something hits you but does no damage.
You thump the hobgoblin!
You kill the hobgoblin!
It was a potion of invisibility.
You fade into invisibility!
Something hits you.
* * * LOW HITPOINT WARNING * * *
You are very lightly contaminated with residual magic.
You take 1 damage, and have 4/32 hp.
Things that are here:
a whip; a dark potion; a hobgoblin corpse Some of the chunks of flesh in your inventory have rotted away.
Your shield prevents you from hitting something.
Something hits you.
You die...

#.### #..## ###..##
######....## #......##<..
######...###.....
.#########............####
..........)####...##### #
##....#@#####.....######
###...>..........#..##...
#................##.##.#.
.....###...........#....#.
.### ##...<..........##.
#..........##..... #.
#........#.##..#.. #..
##....<...#........ #.#
#..........###.##..#


There were no monsters in sight!

Vanquished Creatures
  3 adders (D:2)
  4 oozes
  2 worms
  3 dart slugs
  3 leopard geckos
  An orc (D:3)
  7 bats
  9 giant cockroaches
  8 goblins
  9 hobgoblins
  4 jackals (D:2)
  2 quokkas
  6 frilled lizards
  3 kobolds
  10 rats
74 creatures vanquished.

Notes
Turn   | Place    | Note
-------+----------+-------------------------------------------
     0 | D:1      | HarryHood the Gargoyle Fighter began the quest for the Orb.
     0 | D:1      | Reached XP level 1. HP: 14/14 MP: 1/1
    36 | D:1      | Reached XP level 2. HP: 19/19 MP: 2/2
    88 | D:1      | Reached skill level 3 in Maces & Flails
   169 | D:1      | Reached XP level 3. HP: 23/23 MP: 3/3
   864 | D:2      | Reached skill level 4 in Maces & Flails
   947 | D:2      | Reached XP level 4. HP: 28/28 MP: 4/4
  1457 | D:2      | Found a deep blue altar of Sif Muna.
  1601 | D:2      | Found a bloodstained altar of Trog.
  1603 | D:2      | Found an ornate altar of the Wu Jian Council.
  1603 | D:2      | Found a sacrificial altar of Ru.
  1605 | D:2      | Found a shimmering altar of Xom.
  1605 | D:2      | Found an ancient bone altar of Kikubaaqudgha.
  1605 | D:2      | Found a white marble altar of Elyvilon.
  1742 | D:2      | Reached skill level 5 in Maces & Flails
  1742 | D:2      | Reached XP level 5. HP: 20/32 MP: 5/5
  2024 | D:3      | Noticed Sigmund
  2120 | D:3      | Found a sacrificial altar of Ru.
  2120 | D:3      | Found a shadowy altar of Dithmenos.
  2212 | D:3      | Found a basalt altar of Yredelemnul.
  2331 | D:3      | Slain by Sigmund

Vault maps used:
D:1:      grunt_arrival_lava_bath
D:2:      marbit_many_paths, doesnt_xom_only_xom
D:3:      yredelemnul_altar_generic, amethyst_overflow_temple_binary,
          makhleb_heckhound_becter, uniq_sigmund

Skill      XL: |  1  2  3  4 |
---------------+-------------+-----
Maces & Flails | 3 4 5 |  5.2
Fighting       | |  3.2
Armour         | |  3.2
Shields        | |  3.2

Action                   |  1- 3 |  4- 6 || total
-------------------------+-------+-------++-------
Melee: Flail             |   118 |   135 ||   253
  Use: Scroll            |     5 |     1 ||     6
       Potion            |       |     1 ||     1
  Eat: Chunk             |       |     5 ||     5
Armor: Scale mail        |    55 |    48 ||   103
Dodge: Dodged            |    24 |    27 ||    51
Block: Shield            |    49 |    54 ||   103

Table legend:
 A = Non-vault XP
 B = Vault XP
 C = Vault XP percentage of total XP
 D = Non-vault monster count
 E = Vault monster count
 F = Vault count percentage of total count
                 A         B        C        D         E       F
            +---------+---------+-------+---------+---------+-------
      Total |     194 |       2 |   1.0 |      73 |       1 |   1.4
            +---------+---------+-------+---------+---------+-------
        D:1 |      57 |       0 |   0.0 |      24 |       0 |   0.0
        D:2 |     108 |       2 |   1.8 |      35 |       1 |   2.8
        D:3 |      29 |       0 |   0.0 |      14 |       0 |   0.0
            +---------+---------+-------+---------+---------+-------
